 Dungeon Crawl Stone Soup version 0.29-a0-1047-g7c58e119a4 (console) character file.

Game seed: 3795914953270412418

43317 capslocke the Thaumaturge (level 14, -6/118 HPs)
             Began as a Naga Ice Elementalist on Aug 17, 2022.
             Was the Champion of Cheibriados.
             Mangled by a vault guard
             ... wielding a +0 great mace
              (21 damage)
             ... on level 14 of the Dungeon.
             The game lasted 01:43:21 (20741 turns).

capslocke the Thaumaturge (Naga Ice Elementalist)  Turns: 20741, Time: 01:43:21

Health: -6/118     AC: 16    Str: 27    XL:     14   Next: 23%
Magic:  11/31      EV: 14    Int: 40    God:    Cheibriados [******]
Gold:   677        SH:  9    Dex: 34    Spells: 23/39 levels left

rFire   + + +      SeeInvis +   V - +7 falchion {freeze, *Slow rF+++ Str+2 Dex+3}
rCold   + . .      Faith    .   T - +1 buckler
rNeg    + + .      Spirit   .   s - +1 ring mail of the Undertaker {+Blink Fly rF+ Int+4}
rPois   +          Reflect  .   g - +0 helmet
rElec   .          Harm     .   e - +2 cloak of Birdsong {rC+ rN+ SInv}
rCorr   .          Rampage  .   B - +1 pair of gloves
Will    +....                   (no barding)
Stlth   ++++......              R - amulet "Irghom" {RegenMP rN+ Dex+4}
HPRegen 0.29/turn               I - ring of protection from fire
MPRegen 0.62/turn               (no ring)

@: about to teleport, flying, very slow
A: AC +4, large, see invisible, deformed body, poison resistance, slowness 2,
spit poison 1, naga tail 2
a: Spit Poison, Renounce Religion, Evoke Blink, Bend Time, Temporal Distortion,
Slouch, Step From Time


You were on level 14 of the Dungeon.
You worshipped Cheibriados.
Cheibriados was exalted by your worship.
You visited 4 branches of the dungeon, and saw 18 of its levels.
You also visited: Gauntlet.

You collected 1586 gold pieces.
You spent 909 gold pieces at shops.

Inventory:

Hand Weapons
 o - a +2 falchion of holy wrath
 V - the +7 falchion of Exquisite Death (weapon) {freeze, *Slow rF+++ Str+2 Dex+3}
   (You found it on level 11 of the Dungeon)

   It freezes those it strikes, dealing additional cold damage.
   It can also slow down cold-blooded creatures.
   Str:       It affects your strength (+2).
   Dex:       It affects your dexterity (+3).
   rF:        It renders you almost immune to fire.
   *Slow:     It may slow you when you take damage.
Missiles
 f - 28 poisoned darts (quivered)
 k - 2 curare-tipped darts
Armour
 e - the +2 cloak of Birdsong (worn) {rC+ rN+ SInv}
   (You found it on level 13 of the Dungeon)

   rC:        It protects you from cold.
   rN:        It protects you from negative energy.
   SInv:      It lets you see invisible.
 g - a +0 helmet (worn)
 s - the +1 ring mail of the Undertaker (worn) {+Blink Fly rF+ Int+4}
   (You bought it in a shop on level 2 of the Orcish Mines)

   Int:       It affects your intelligence (+4).
   rF:        It protects you from fire.
   Fly:       It grants you flight.
   +Blink:    It lets you blink.
 t - a +2 cloak of stealth
 B - a +1 pair of gloves (worn)
 T - a +1 buckler (worn)
Jewellery
 I - a ring of protection from fire (left hand)
 R - the amulet "Irghom" (around neck) {RegenMP rN+ Dex+4}
   (You found it on level 7 of the Dungeon)

   [amulet of magic regeneration]

   It increases your rate of magic regeneration.
   Dex:       It affects your dexterity (+4).
   rN:        It protects you from negative energy.
Wands
 n - a wand of polymorph (14)
 r - a wand of light (27)
 G - a wand of digging (3)
 O - a wand of charming (25)
 P - a wand of flame (12)
Scrolls
 d - 2 scrolls of brand weapon {unknown}
 i - a scroll of identify
 m - 3 scrolls of enchant weapon
 p - a scroll of vulnerability {unknown}
 u - 2 scrolls of poison {unknown}
 w - 5 scrolls of teleportation
 y - 2 scrolls of blinking
 z - 4 scrolls of noise {unknown}
 A - a scroll of magic mapping {unknown}
 E - 3 scrolls of torment {unknown}
 F - 2 scrolls of amnesia {unknown}
 J - a scroll of acquirement {unknown}
 N - a scroll of fear {unknown}
 Q - 2 scrolls of butterflies {unknown}
 U - 3 scrolls of summoning {unknown}
 X - a scroll of silence {unknown}
Potions
 a - a potion of invisibility
 b - a potion of magic
 c - 2 potions of might
 h - a potion of resistance
 v - a potion of brilliance
 K - 4 potions of mutation
 L - 4 potions of flight
 M - 2 potions of curing
 Y - a potion of haste


   Skills:
 + Level 5.8 Fighting
 + Level 5.0 Long Blades
 - Level 3.9 Axes
 - Level 1.8 Staves
 + Level 5.5 Armour
 + Level 5.6 Dodging
 + Level 7.5 Stealth
 + Level 4.4 Shields
 + Level 13.3 Spellcasting
 + Level 4.4 Conjurations
 + Level 12.9 Ice Magic
 + Level 2.2 Air Magic
 + Level 2.2 Invocations
 + Level 1.2 Evocations


You had 23 spell levels left.
You knew the following spells:

 Your Spells              Type           Power      Damage    Failure   Level
a - Freeze                Ice            100%       1d11      0%          1
b - Ozocubu's Armour      Ice            92%        N/A       1%          3
c - Frozen Ramparts       Ice            100%       1d16      1%          3
d - Hailstorm             Conj/Ice       77%        3d16      1%          4
e - Freezing Cloud        Conj/Ice/Air   34%        6-21      4%          5

Your spell library contained the following spells:

 Spells                   Type           Power      Damage    Failure   Level
 Static Discharge         Conj/Air       52%        3-10/arc  1%          2
 Ice Form                 Ice/Tmut       67%        N/A       1%          4
 Slow                     Hex            100%       N/A       2%          1
 Mephitic Cloud           Conj/Pois/Air  44%        N/A       2%          3
 Blink                    Tloc           52%        N/A       3%          2
 Scorch                   Fire           52%        2d7       3%          2
 Confusing Touch          Hex            26%        N/A       7%          3
 Ignite Poison            Fire/Tmut/Pois 26%        N/A       7%          3
 Inner Flame              Hex/Fire       26%        N/A       7%          3
 Lesser Beckoning         Tloc           26%        N/A       7%          3
 Vampiric Draining        Necr           26%        2d7       7%          3
 Flame Wave               Conj/Fire      44%        2d11      9%          4
 Fulminant Prism          Conj/Hex       22%        3d13      9%          4
 Iskenderun's Mystic Bla  Conj/Tloc      44%        2d10      9%          4
 Sticky Flame             Conj/Fire      44%        2d6       9%          4
 Cause Fear               Hex            13%        N/A       22%         4
 Dispel Undead            Necr           26%        3d13      22%         4
 Simulacrum               Ice/Necr       33%        N/A       24%         6
 Lee's Rapid Deconstruct  Erth           13%        3d10*     52%         5
 Manifold Assault         Tloc           26%        N/A       52%         5
 Summon Cactus Giant      Summ           13%        N/A       98%         6
 Discord                  Hex            13%        N/A       100%        8


Dungeon Overview and Level Annotations

Branches:
Dungeon (14/15)            Temple (1/1) D:5            Lair (1/5) D:10
    Orc (2/2) D:10            Elf (0/3) Orc:2        Vaults (0/5) D:14
Gauntlet (visited)

Altars:
Ashenzari
Cheibriados
Dithmenos
Elyvilon
Fedhas
Gozag
Hepliaklqana
Kikubaaqudgha
Makhleb
Nemelex Xobeh
Okawaru
Qazlal
Ru
Sif Muna
Trog
Uskayaw
Vehumet
Wu Jian
Xom
Yredelemnul
Zin
The Shining One

Shops:
Orc:2 [*[[[(=

Annotations:
Orc:1 1 runed translucent door, Triskal's ghost, journeyman MfGl


Innate Abilities, Weirdness & Mutations

Your serpentine skin is tough. (AC +4)
You have supernaturally acute eyesight. (SInv)
Armour fits poorly on your strangely shaped body.
Your system is resistant to poisons. (rPois)
You cover ground very slowly.
You can spit poison.
You can use your snake-like lower body to constrict enemies.


Message History

Cheibriados thoroughly appreciates the change of pace.
A freezing mist starts to gather...
The vault guard hits you with a +0 war axe!
* * * LOW HITPOINT WARNING * * *
You block the vault guard's attack.
The necromancer casts a spell.
The necromancer binds the souls of nearby monsters.
A vault guard simulacrum comes into view.
Blink to where?
Press: ? - help, Dir - move target, p - necromancer
As you read the scroll of blinking, it crumbles to dust.
Casting: Hailstorm (mildly dangerous; 1% risk of failure)
Confirm with . or Enter, or press ? or * to list all spells.
Aiming: Freezing Cloud (dangerous; 4% risk of failure)
Press: ? - help, Dir - move target The vault guard is engulfed in freezing vapours.
You can't do that yet.
Okay, then.
The vault guard is engulfed in freezing vapours. x2
Casting: Freezing Cloud (dangerous; 4% risk of failure)
Confirm with . or Enter, or press ? or * to list all spells.
Casting: Hailstorm (mildly dangerous; 1% risk of failure)
Press: ? - help, Dir - look around, f - activate A cannonade of hail descends around you!
The hail pelts the vault guard!!
The vault guard is heavily wounded.
The necromancer mumbles some strange words.
The necromancer binds the souls of nearby monsters.
Okay, then.
As you read the scroll of teleportation, it crumbles to dust.
You feel strangely unstable.
You have got your breath back.
The vault guard is engulfed in freezing vapours.
The vault guard hits you with a +0 great mace!
* * * LOW HITPOINT WARNING * * *
You feel better.
The vault guard's soul is no longer bound.
The vault guard is engulfed in freezing vapours.
The vault guard hits you with a +0 great mace!!
You die...

#$..).)§....#
#..∩..'..⌠..#
#?....'§§§..#
#)$...#§§§p.#
########pZ'## #.
#.#(....#)....# ..
#.#.....'.....#
.#.###.#..⌠..'.†p..#
.#.##..#.†...'..@.}#
.#.##..#..†..#....[#
.#.##..##'†'########
.#.##.......).....
.#.##..........###
##.#.......###.#
##.#.......# ..#
.............# .#
##.##......#.# #


You could see 2 vault guards, a necromancer and a vault guard simulacrum.

Vanquished Creatures
  Erolcha (D:9)
  A boulder beetle (D:12)
  3 hydras (D:12)
  A centaur warrior (D:13)
  2 vault guards (D:14)
  8 two-headed ogres
  An ogre mage (Orc:1)
  An alligator (shapeshifter) (D:12)
  6 orc high priests (Orc:2)
  Nergalle (D:10)
  The ghost of MisterPants the Trooper, a novice MiAr (D:7)
  An orc knight (Orc:2)
  Pikel (D:7)
  2 ugly things (D:12)
  2 cyclopes
  2 manticores
  A black mamba (D:10)
  An elephant (D:10)
  3 cane toads
  5 unseen horrors
  2 gargoyles
  3 kobold demonologists
  A komodo dragon (D:11)
  A polar bear (D:12)
  7 trolls
  A hornet (D:10)
  2 blink frogs (D:10)
  4 slime creatures
  3 shadows
  A centaur simulacrum (D:11)
  A vampire (D:10)
  A wraith (D:12)
  11 yaks
  Grum (D:9)
  18 humans (D:14)
  A steam dragon (D:7)
  2 wyverns
  10 vampire mosquitoes (D:12)
  3 basilisks
  10 wargs
  An acid dragon (D:9)
  20 orc warriors
  2 black bears
  4 ice beasts
  4 sky beasts
  11 ogres
  3 wolves
  A phantom (D:6)
  A centaur (D:12)
  9 kobold brigands
  4 bullfrogs
  4 gnoll sergeants
  A necrophage (D:7)
  2 scorpions
  18 wights
  4 killer bees (D:7)
  6 howler monkeys
  An electric eel (Lair:1)
  2 jellies
  Crazy Yiuf (D:2)
  4 hounds
  38 orc priests
  Jessica (D:2)
  3 iguanas
  22 orc wizards
  12 gnolls
  4 adders
  3 white imps
  3 ufetubi
  3 worms (D:2)
  A dart slug (D:1)
  79 orcs
  10 endoplasms
  2 goblins
  10 hobgoblins
  2 jackals (D:4)
  25 kobolds
  3 quokkas
  9 ball pythons
  6 bats
  5 frilled lizards
  10 rats
481 creatures vanquished.

Vanquished Creatures (others)
  An orc priest (D:7)
  2 fungi (D:10)
  3 plants (D:10)
  A withered plant (Gauntlet)
7 creatures vanquished.

Grand Total: 488 creatures vanquished

Notes
Turn   | Place    | Note
-------+----------+-------------------------------------------
     0 | D:1      | capslocke the Naga Ice Elementalist began the quest for the
                  | Orb.
     0 | D:1      | Reached XP level 1. HP: 15/15 MP: 3/3
   190 | D:1      | Reached XP level 2. HP: 22/22 MP: 3/5
   425 | D:1      | Found a faded altar of an unknown god.
  1270 | D:1      | Reached XP level 3. HP: 28/28 MP: 3/6
  1525 | D:2      | Noticed Jessica
  1536 | D:2      | Killed Jessica
  1537 | D:2      | Reached XP level 4. HP: 20/36 MP: 5/8
  1786 | D:2      | Reached skill level 3 in Spellcasting
  1935 | D:2      | Found a runed translucent door.
  1935 | D:2      | Noticed Crazy Yiuf
  1940 | D:2      | Killed Crazy Yiuf
  1941 | D:2      | Reached XP level 5. HP: 41/42 MP: 5/10
  2613 | D:3      | Reached skill level 5 in Ice Magic
  2747 | D:3      | Found a glowing golden altar of the Shining One.
  3151 | D:4      | Reached skill level 1 in Armour
  3183 | D:4      | Noticed a sky beast
  3202 | D:4      | Reached skill level 1 in Staves
  3202 | D:4      | Reached XP level 6. HP: 32/50 MP: 8/11
  3539 | D:4      | Found a stormy altar of Qazlal.
  3670 | D:4      | Killed a sky beast
  3671 | D:4      | Reached skill level 4 in Spellcasting
  3671 | D:4      | Reached XP level 7. HP: 56/56 MP: 6/13
  3862 | D:5      | Entered Level 5 of the Dungeon
  4086 | D:5      | Found a staircase to the Ecumenical Temple.
  4096 | Temple   | Entered the Ecumenical Temple
  4121 | Temple   | Became a worshipper of Cheibriados the Contemplative
  4308 | D:5      | Found a burning altar of Makhleb.
  4313 | D:5      | Found an iron altar of Okawaru.
  4314 | D:5      | Found a white marble altar of Elyvilon.
  4316 | D:5      | Found an ornate altar of the Wu Jian Council.
  4408 | D:5      | Reached skill level 1 in Fighting
  4412 | D:5      | Reached skill level 5 in Stealth
  4606 | D:6      | Reached skill level 5 in Spellcasting
  4606 | D:6      | Reached XP level 8. HP: 22/64 MP: 15/15
  5049 | D:6      | Reached * piety under Cheibriados
  5050 | D:6      | Reached skill level 1 in Axes
  5253 | D:7      | Found a runed translucent gate.
  5254 | D:7      | Found a runed translucent gate.
  5255 | D:7      | Noticed MisterPants's ghost (novice MiAr)
  5288 | D:7      | Noticed Pikel
  5304 | D:7      | Killed Pikel
  5403 | D:7      | Learned a level 3 spell: Ozocubu's Armour
  5407 | D:7      | Learned a level 3 spell: Frozen Ramparts
  5412 | D:7      | Learned a level 4 spell: Hailstorm
  5505 | D:7      | Noticed a wyvern
  5514 | D:7      | Reached skill level 6 in Spellcasting
  5514 | D:7      | Reached XP level 9. HP: 73/73 MP: 11/18
  6129 | D:7      | Identified the amulet "Irghom" {RegenMP rN+ Dex+4}
  6390 | D:7      | Found a runed translucent gate.
  6510 | D:7      | Reached skill level 7 in Spellcasting
  6848 | D:7      | Reached ** piety under Cheibriados
  6849 | D:7      | Reached skill level 1 in Evocations
  6870 | D:7      | Killed MisterPants's ghost
  6871 | D:7      | Reached XP level 10. HP: 29/84 MP: 8/21
  7161 | D:8      | Reached skill level 8 in Spellcasting
  8279 | D:8      | Reached *** piety under Cheibriados
  9136 | D:8      | Found a sparkling altar of Nemelex Xobeh.
  9176 | D:9      | Reached skill level 1 in Long Blades
  9374 | D:9      | Noticed Erolcha
  9381 | D:9      | Killed Erolcha
  9522 | D:9      | Noticed Grum
  9537 | D:9      | Killed Grum
  9542 | D:9      | Reached **** piety under Cheibriados
 10334 | D:9      | Reached XP level 11. HP: 78/90 MP: 23/23
 10446 | D:10     | Entered Level 10 of the Dungeon
 10469 | D:10     | Noticed Nergalle
 10589 | D:10     | Killed Nergalle
 10590 | D:10     | Reached skill level 1 in Shields
 10590 | D:10     | Reached skill level 9 in Spellcasting
 10590 | D:10     | Reached skill level 1 in Conjurations
 11088 | D:10     | Found a staircase to the Lair.
 11384 | D:10     | Noticed a two-headed ogre
 11395 | D:10     | Killed a two-headed ogre
 11396 | D:10     | Reached skill level 10 in Ice Magic
 11831 | D:10     | You fall into a shaft and drop 1 floor!
 11831 | D:11     | Found a gate leading to a gauntlet.
 11839 | Gauntlet | Entered a Gauntlet
 11839 | Gauntlet | Found a transporter.
 11845 | Gauntlet | Noticed a spectral death yak
 11845 | Gauntlet | Noticed a death scarab
 11848 | Gauntlet | Found a transporter.
 11851 | Gauntlet | Found a transporter.
 11851 | Gauntlet | Noticed a death scarab
 11853 | Gauntlet | Found a transporter.
 11853 | Gauntlet | Noticed a spectral death yak
 11855 | Gauntlet | Found a transporter.
 11856 | Gauntlet | Found a transporter.
 11861 | Gauntlet | Noticed a catoblepas
 12133 | D:11     | HP: 1/93 [polar bear (4)]
 12499 | D:11     | Identified the +7 falchion of Exquisite Death {freeze,
                  | *Slow rF+++ Str+2 Dex+3}
 12673 | D:11     | Reached ***** piety under Cheibriados
 13048 | D:11     | Reached skill level 10 in Spellcasting
 13444 | D:10     | Found a staircase to the Orcish Mines.
 13448 | D:10     | Reached skill level 5 in Fighting
 13450 | D:10     | Reached XP level 12. HP: 103/103 MP: 9/26
 13479 | Orc:1    | Entered Level 1 of the Orcish Mines
 13593 | Orc:1    | Noticed a two-headed ogre
 13595 | Orc:1    | Noticed a two-headed ogre
 13597 | Orc:1    | Noticed a two-headed ogre
 13601 | Orc:1    | Noticed an ogre mage
 13602 | Orc:1    | Noticed a two-headed ogre
 13605 | D:10     | Killed a two-headed ogre
 13665 | Orc:1    | Noticed a two-headed ogre
 13676 | D:10     | Killed a two-headed ogre
 13777 | Orc:1    | Paralysed by an ogre mage for 2 turns
 13780 | Orc:1    | Killed an ogre mage
 13781 | Orc:1    | Reached skill level 1 in Invocations
 13781 | Orc:1    | Killed a two-headed ogre
 13783 | Orc:1    | Killed a two-headed ogre
 14105 | Orc:1    | Killed a two-headed ogre
 14246 | Orc:1    | Reached skill level 11 in Spellcasting
 14304 | Orc:1    | Noticed Triskal's ghost (journeyman MfGl)
 14335 | Orc:1    | Found a runed translucent door.
 14636 | Orc:2    | Entered Level 2 of the Orcish Mines
 14636 | Orc:2    | Found a staircase to the Elven Halls.
 14747 | Orc:2    | Found Sucuink's Antique Armour Shoppe.
 14774 | Orc:2    | Bought an ancient ring mail for 333 gold pieces
 14774 | Orc:2    | Identified the +1 ring mail of the Undertaker {+Blink Fly
                  | rF+ Int+4} (You bought it in a shop on level 2 of the
                  | Orcish Mines)
 14774 | Orc:2    | Bought a faintly glowing ring mail for 333 gold pieces
 14774 | Orc:2    | Identified the +3 ring mail of Integrity {rPois rF+ Str+4}
                  | (You bought it in a shop on level 2 of the Orcish Mines)
 14808 | Orc:2    | Found Vevviumpit's Antique Armour Shoppe.
 14816 | Orc:2    | Bought a bloodstained ring mail for 243 gold pieces
 14816 | Orc:2    | Identified the +0 ring mail of Whack-A-Mole {Contam Rampage
                  | Dex+4} (You bought it in a shop on level 2 of the Orcish
                  | Mines)
 14835 | Orc:2    | Reached ****** piety under Cheibriados
 14836 | Orc:2    | Noticed an orc high priest
 14842 | Orc:2    | Killed an orc high priest
 14902 | Orc:2    | Reached skill level 5 in Dodging
 15111 | Orc:2    | Noticed an orc high priest
 15146 | Orc:2    | Killed an orc high priest
 15262 | Orc:2    | Found Souwer's Antique Armour Emporium.
 15262 | Orc:2    | Found Alaso's Assorted Antiques.
 15262 | Orc:2    | Noticed an orc high priest
 15262 | Orc:2    | Noticed an orc high priest
 15263 | Orc:2    | Noticed a sun demon
 15265 | Orc:2    | Killed an orc high priest
 15267 | Orc:2    | Noticed a sun demon
 15268 | Orc:2    | Killed an orc high priest
 15467 | Orc:2    | Gained mutation: You can use your snake-like lower body to
                  | constrict enemies. [Naga growth]
 15467 | Orc:2    | Reached XP level 13. HP: 110/110 MP: 23/28
 15526 | Orc:2    | Reached skill level 12 in Spellcasting
 15992 | Orc:2    | Found Qaf Asank's Jewellery Emporium.
 15992 | Orc:2    | Found Aczaot's Antique Weapon Boutique.
 16372 | Orc:2    | Found Huemp's Antique Armour Emporium.
 16509 | Lair:1   | Entered Level 1 of the Lair of Beasts
 17979 | D:12     | Found a hide-covered altar of Uskayaw.
 18217 | D:12     | Learned a level 5 spell: Freezing Cloud
 18480 | D:12     | Reached skill level 5 in Armour
 18813 | D:12     | Reached skill level 1 in Air Magic
 19311 | D:12     | Reached skill level 13 in Spellcasting
 19656 | D:13     | Reached XP level 14. HP: 112/118 MP: 27/31
 19917 | D:13     | Identified the +2 cloak of Birdsong {rC+ rN+ SInv}
 20723 | D:14     | Found a gate to the Vaults.
 20731 | D:14     | Reached skill level 5 in Long Blades
 20741 | D:14     | Mangled by a vault guard

Illustrated notes

Levels and vault maps discovered:
D:1:      amcnicky_arrival_single_pillar, layout_loops_cross,
          shapermc_ecumenical_altar_hornbeckon
D:2:      layout_rooms, nicolae_figureground_pulse, uniq_jessica,
          uniq_crazy_yiuf_cottage
D:3:      layout_rooms, marbit_many_paths, kennysheep_crisscross
D:4:      layout_basic, nicolae_qazlal_general_emergency
D:5:      layout_rooms, minitemple, minmay_temple_entry_waves
D:6:      layout_cave_pools
D:7:      layout_loops_ring, biasface_ghost_orc_armoury,
          serial_co_window_serial, co_window_corner_a, co_window_paths_a,
          co_window_of_opportunity_a, co_window_corner_a,
          co_window_of_opportunity_a, co_window_of_opportunity_b,
          co_window_unsneaky_path_a, co_window_2corner,
          co_window_unsneaky_path_a, glass_columns_b, glass_columns_c,
          glass_columns_a, glass_columns_c, minmay_checkerbox, uniq_pikel
D:8:      layout_basic, overflow_temple_1_default,
          hangedman_abyss_or_decor_slice
D:9:      layout_roguey, uniq_grum, uniq_erolcha
D:10:     layout_irregular_city, david_lair_generic,
          kennysheep_orc_monster_closet_entryway, uniq_nergalle
D:11:     layout_gridville, gauntlet_entry_generic, serial_ice, serial_ice_h,
          serial_ice_g, serial_ice_k, serial_ice_n, due_unseen_surprise
D:12:     minmay_s_stair_smasher, layout_rooms, eat_drink_and_be_merry_uskayaw
D:13:     layout_roguey
D:14:     layout_rooms, grunt_vaults_entry_tiered, minivault_14,
          ebering_ghost_disaster_area, serial_shops, shop,
          nicolae_inconvenience_store, nicolae_shop_advertising_works
          [nicolae_subvault_shop_adworks]
Temple:   hellmonk_temple_two_chambers
Lair:1:   layout_hall_layers, beast_lair_carwin_4, grunt_megastairs_3,
          serial_bayou_shore_a, infiniplex_staircase_pool
Orc:1:    layout_caves, hellmonk_ghost_happy_afterlife
Orc:2:    st_orc_town, layout_diamond_mine, serial_shops, shop_fountains, shop,
          nicolae_shop_hallway_stairs, hellmonk_guarded_unrand_dark_maul

Skill      XL: |  1  2  3  4  5  6  7  8  9 10 11 12 13 14 |
---------------+-------------------------------------------+-----
Spellcasting   | 3 4 5 6 7 8 10 11 13 | 13.3
Ice Magic      | 5 6 8 9 10 11 12 | 12.9
Armour         | 1 2 3 4 5 |  5.5
Staves         | 1 |  1.8
Stealth        | 4 5 6 7 |  7.5
Dodging        | 2 3 4 5 |  5.6
Fighting       | 1 2 3 4 5 |  5.8
Axes           | 2 3 |  3.9
Evocations     | 1 |  1.2
Long Blades    | 2 3 4 5 |  5.0
Shields        | 2 3 4 |  4.4
Conjurations   | 2 4 |  4.4
Invocations    | 2 |  2.2
Air Magic      | 1 2 |  2.2

Action                   |  1- 3 |  4- 6 |  7- 9 | 10-12 | 13-15 || total
-------------------------+-------+-------+-------+-------+-------++-------
Melee: Unarmed           |    12 |       |       |       |       ||    12
       Dagger            |     5 |     4 |       |       |       ||     9
       Quarterstaff      |       |    25 |    26 |       |       ||    51
       War axe           |       |       |    77 |    33 |       ||   110
       Falchion          |       |       |       |   135 |    72 ||   207
       Long sword        |       |       |       |    29 |       ||    29
       Punch             |       |       |       |     3 |       ||     3
       Constrict         |       |       |       |       |    20 ||    20
Throw: Dart              |       |     8 |    13 |    21 |     3 ||    45
 Cast: Freeze            |    41 |    64 |   113 |   169 |   110 ||   497
       Frozen Ramparts   |       |       |     7 |    13 |     4 ||    24
       Ozocubu's Armour  |       |       |     4 |    21 |     7 ||    32
       Hailstorm         |       |       |     3 |   112 |    63 ||   178
       Freezing Cloud    |       |       |       |       |    30 ||    30
Invok: Slouch            |       |       |       |     3 |       ||     3
 Abil: Spit Poison       |     1 |    10 |    22 |    23 |     9 ||    65
Evoke: Wand              |       |       |     9 |    11 |       ||    20
  Use: Potion            |       |       |     7 |     5 |     6 ||    18
       Scroll            |       |       |       |     3 |    16 ||    19
 Stab: Sleeping          |     2 |     7 |     6 |     3 |     2 ||    20
       Petrifying        |       |       |     1 |       |       ||     1
       Petrified         |       |       |     1 |       |       ||     1
       Distracted        |       |       |       |     2 |       ||     2
Armor: Leather armour    |    17 |    32 |   156 |   190 |       ||   395
       Ring mail         |       |       |       |    10 |   108 ||   118
Dodge: Dodged            |    17 |    61 |   132 |   338 |   194 ||   742
Block: Buckler           |       |       |       |   156 |   155 ||   311

Table legend: (Time is in decaauts)
 A = Elapsed time spent in this place.
 B = Non-inter-level travel time spent in this place.
 C = Inter-level travel time spent in this place.
 D = Time resting spent in this place.
 E = Time spent auto-exploring this place.
 F = Levels seen in this place.
 G = Mean time per level.
                   A        B        C        D        E       F      G
               +--------+--------+--------+--------+--------+-----+--------+
         Total |  30471 |  29169 |   1302 |   9089 |  15458 |  19 | 1603.7 |
       Dungeon |  26195 |  25008 |   1187 |   7884 |  13449 |  14 | 1871.1 |
        Temple |     51 |     19 |     32 |      0 |     14 |   1 |   51.0 |
          Lair |     22 |     22 |      0 |      0 |      0 |   1 |   22.0 |
  Orcish Mines |   4114 |   4033 |     81 |   1205 |   1975 |   2 | 2057.0 |
      Gauntlet |     87 |     87 |      0 |      0 |     19 |   1 |   87.0 |
               +--------+--------+--------+--------+--------+-----+--------+

Top non-repeatable levels by time:
    D:10: 4759 daAuts
     D:7: 3337 daAuts
   Orc:2: 2772 daAuts
     D:8: 2684 daAuts
    D:12: 2612 daAuts
    D:11: 2212 daAuts
     D:9: 1974 daAuts
    D:13: 1876 daAuts
     D:1: 1589 daAuts
     D:2: 1451 daAuts
   Orc:1: 1341 daAuts
     D:6: 1012 daAuts
     D:4: 867 daAuts
     D:5: 820 daAuts
     D:3: 732 daAuts
